AoeStats
← malon

Golden Pit

509604023Analyzed
1v1 RM · 5d ago on Sep 27, 2026· 31m 31s· 2 players
Game mode
Random Map
Map size
Tiny (2 player)
Population
200
Speed
Normal
Resources
Standard
Victory
Conquest
Starting age
Dark Age
Ending age
Imperial Age
RankedLock teamsTeams togetherTeam positionsShared explorationLock speedFull tech treeHidden civsTurbo modeCheats
Victory
Defeat
🇧🇪 Gurjaras · Belgium
803
+18
🇹🇷 Cumans · Türkiye
837
-18
malon
3:58 Loom
10:12 Feudal Age
11:01 Double-Bit Axe
15:11 Scale Barding Armor
17:57 Bloodlines
18:34 Forging
23:33 Castle Age
22:00 Fletching
24:10 Padded Archer Armor
24:31 Husbandry
23:52 Light Cavalry
25:04 Chain Barding Armor
25:20 Iron Casting
24:40 Horse Collar
29:12 Bodkin Arrow
29:38 Crossbowman
DarkCloud
9:41 Feudal Age
8:20 Loom
14:04 Double-Bit Axe
17:03 Horse Collar
20:30 Wheelbarrow
26:23 Castle Age
24:54 Gold Mining
27:21 Squires
29:10 Town Watch
31:53 Bloodlines
Connection lost

Rejoining the realm…

Still unreachable

The connection could not be restored.

Session expired

The server has moved on; the page needs a fresh start.